Devils vs Sharks
Created - October 22, 2018 at 19:26
Goals
|
| Devils |
0 |
2 |
1 |
3 |
| Sharks |
1 |
1 |
0 |
2 |
|
Shots
|
| Devils |
1 |
13 |
12 |
26 |
| Sharks |
3 |
9 |
9 |
21 |
|
1st period
1. Sharks , Ted Purcell 2 (Jordan LaVallee 1, Adam Larsson 1) at 12:20
Penalties :
Jonathan Toews (NJD) for Slashing (Double Minor) at 2:01, Patrick Kane (NJD) for Delaying the game (Minor) at 12:27
2nd period
2. Devils , Jonathan Toews 2 (Jaden Schwartz 3) at 2:52
3. Sharks , Mark Stuart 2 (Frans Nielsen 4, Kevin Shattenkirk 8) at 16:08 (PP)
4. Devils , Scott Gomez 1 (Kellan Lain 1, Ben Lovejoy 2) at 19:23
Penalties :
Dmitry Kulikov (NJD) for High sticking (Minor) at 15:33, Frans Nielsen (SJS) for Cross-checking (Minor) at 19:28
3rd period
5. Devils , Kellan Lain 1 (Dmitry Kulikov 1, Jonathan Toews 5) at 17:15
Penalties :
Oskar Osala (SJS) for Hooking (Minor) at 4:59, Bobby Butler (SJS) for Holding (Minor) at 18:52
Goalie Stats
Tuukka Rask (NJD), 19 saves from 21 shots - (0.905), W, 2-2-0, 60:00 minutes
Tyler Weiman (SJS), 23 saves from 26 shots - (0.885), L, 3-1-0, 60:00 minutes
Players Stats for Devils
Player Name G A P +/- PIM S H SB GA TA FO MP PP MP PK MP
------------------------------------------------------------------------------------
Anthony Stewart 0 0 0 2 0 1 2 0 0 0 0/1 13:04 0:00 1:49
Ben Lovejoy 0 1 1 1 0 0 4 0 0 1 0/0 27:00 3:56 2:51
Brandon Bollig 0 0 0 0 0 1 1 0 0 0 0/0 7:53 0:00 0:00
Brandon Burlon 0 0 0 1 0 1 2 0 0 1 0/0 12:49 0:00 0:30
Dmitry Kulikov 0 1 1 1 2 0 1 1 0 0 0/0 12:48 0:00 0:30
Jaden Schwartz 0 1 1 1 0 3 1 0 1 0 0/0 14:52 1:56 0:00
Jonathan Toews 1 1 2 1 4 3 3 0 1 0 6/8 15:13 1:56 0:11
Jordan Eberle 0 0 0 1 0 3 2 0 0 1 0/0 16:32 1:56 1:40
Kellan Lain 1 1 2 2 0 3 1 0 0 0 0/0 13:09 0:00 1:43
Matt Duchene 0 0 0 -1 0 2 4 1 1 1 17/31 21:41 3:09 2:25
Mike Komisarek 0 0 0 0 0 1 0 0 1 1 0/0 20:11 1:09 3:12
Patrick Kane 0 0 0 -1 2 3 2 0 0 0 1/4 21:34 3:09 2:08
Ryan O'Byrne 0 0 0 0 0 0 0 0 0 0 0/0 20:11 1:09 3:12
Scott Gomez 1 0 1 2 0 1 0 0 0 0 1/3 11:15 0:00 0:00
Steve Quailer 0 0 0 0 0 1 2 0 0 0 0/0 7:53 0:00 0:00
Taylor Hall 0 0 0 -1 0 0 1 2 0 0 1/2 22:26 3:09 3:10
Travis Hamonic 0 0 0 1 0 2 2 0 0 0 0/0 27:00 3:56 2:51
Tyler Bozak 0 0 0 0 0 1 1 0 0 0 2/3 7:53 0:00 0:00
Players Stats for Sharks
Player Name G A P +/- PIM S H SB GA TA FO MP PP MP PK MP
------------------------------------------------------------------------------------
Adam Larsson 0 1 1 1 0 0 1 0 0 0 0/0 11:17 0:07 0:00
Andrej Sekera 0 0 0 0 0 2 2 0 1 0 0/0 20:54 3:03 2:37
Bobby Butler 0 0 0 -2 2 1 3 1 0 0 0/0 14:17 0:53 0:00
Damien Brunner 0 0 0 -2 0 0 1 0 0 0 0/0 14:19 0:47 0:00
Frans Nielsen 0 1 1 0 2 3 2 0 0 0 14/28 23:16 3:21 1:55
Jordan LaVallee 0 1 1 0 0 1 0 0 0 0 0/0 7:40 0:16 1:03
Justin Faulk 0 0 0 0 0 0 1 0 0 0 0/0 4:06 0:00 0:00
Kevin Shattenkirk 0 1 1 -3 0 2 0 1 1 1 0/0 27:23 3:23 2:28
Mark Giordano 0 0 0 1 0 0 0 1 0 0 0/0 11:17 0:07 0:00
Mark Stuart 1 0 1 -3 0 2 2 4 0 1 0/0 24:25 3:23 2:28
Martin Erat 0 0 0 0 0 0 3 0 0 0 0/0 6:59 0:40 0:00
Maxim Afinogenov 0 0 0 0 0 1 3 0 0 0 2/6 18:42 3:21 0:42
Maxim Kondratiev 0 0 0 0 0 1 4 1 0 2 0/0 20:48 3:03 2:37
Nick Palmieri 0 0 0 0 0 1 1 0 0 0 0/0 17:22 2:19 0:00
Oskar Osala 0 0 0 0 2 0 4 0 1 0 0/0 17:26 2:22 0:00
Rob Schremp 0 0 0 -2 0 4 2 0 0 0 3/8 14:53 0:00 1:54
T.J. Hensick 0 0 0 0 0 0 1 0 0 0 4/9 18:50 2:19 1:16
Ted Purcell 1 0 1 0 0 3 2 1 2 0 1/1 20:58 3:21 3:20
3 Stars
1 - Kellan Lain (NJD)
2 - Scott Gomez (NJD)
3 - Jonathan Toews (NJD)
Power Play
Devils - 0 on 3 Attempt(s) - 0.00%
Sharks - 1 on 4 Attempt(s) - 25.00%
Penalty Kill
Devils - 3 on 4 Attempt(s) - 75.00%
- Score 0 goal in Penalty Kill
Sharks - 3 on 3 Attempt(s) - 100.00%
- Score 0 goal in Penalty Kill
Team Stat
Devils - Hits : 29 - Faceoff Wins : 28 - Blocked Shots : 4 - Penalty Minutes : 8
Sharks - Hits : 32 - Faceoff Wins : 24 - Blocked Shots : 9 - Penalty Minutes : 6
Official
Referees : Unknown
Linesman : Unknown
Game Notes
16:08 of 2nd period - Sharks goal is going for a video replay. After video review, Goal.
Finance
Level 1 -- Attendance: 4279 (71.32%) -- Ticket Income $406,505
Level 2 -- Attendance: 3527 (70.54%) -- Ticket Income $229,255
Level 3 -- Attendance: 1349 (67.45%) -- Ticket Income $60,705
Level 4 -- Attendance: 3681 (92.03%) -- Ticket Income $92,025
Luxury Box -- Attendance: 655 (65.50%) -- Ticket Income $121,175
Game was played at the Hockey Place Center.
Total Attendance: 13491 (74.95%)
Total Ticket Income: $909,665
Other Income: $136,450
Total Income: $1,046,115
Devils
5 vs 5 Forward
Center Left Wing Right Wing Time % Phy DF OF
1 Matt Duchene Taylor Hall Patrick Kane 40 1 2 2
2 Jonathan Toews Jaden Schwartz Jordan Eberle 30 1 2 2
3 Scott Gomez Kellan Lain Anthony Stewart 20 1 2 2
4 Tyler Bozak Brandon Bollig Steve Quailer 10 1 2 2
5 vs 5 Defense
Defense Defense Time % Phy DF OF
1 Travis Hamonic Ben Lovejoy 40 1 2 2
2 Mike Komisarek Ryan O'Byrne 30 1 2 2
3 Dmitry Kulikov Brandon Burlon 20 1 2 2
4 Travis Hamonic Ben Lovejoy 10 1 2 2
PowerPlay Forward
Center Left Wing Right Wing Time % Phy DF OF
1 Matt Duchene Taylor Hall Patrick Kane 60 1 2 2
2 Jonathan Toews Jaden Schwartz Jordan Eberle 40 1 2 2
PowerPlay Defense
Defense Defense Time % Phy DF OF
1 Travis Hamonic Ben Lovejoy 60 1 2 2
2 Mike Komisarek Ryan O'Byrne 40 1 2 2
Penalty Kill 4 Players Forward
Center Wing Time % Phy DF OF
1 Patrick Kane Taylor Hall 60 1 2 2
2 Matt Duchene Jordan Eberle 40 1 2 2
Penalty Kill 4 Players Defense
Defense Defense Time % Phy DF OF
1 Travis Hamonic Ben Lovejoy 60 1 2 2
2 Mike Komisarek Ryan O'Byrne 40 1 2 2
Penalty Kill - 3 Players Forward
Forward Time % Phy DF OF
1 Patrick Kane 60 1 2 2
2 Taylor Hall 40 1 2 2
Penalty Kill - 3 Players Defense
Defense Defense Time % Phy DF OF
1 Travis Hamonic Ben Lovejoy 60 1 2 2
2 Mike Komisarek Ryan O'Byrne 40 1 2 2
4 vs 4 Forward
Center Wing Time % Phy DF OF
1 Patrick Kane Taylor Hall 60 1 2 2
2 Matt Duchene Jordan Eberle 40 1 2 2
4 vs 4 Defense
Defense Defense Time % Phy DF OF
1 Travis Hamonic Ben Lovejoy 60 1 2 2
2 Mike Komisarek Ryan O'Byrne 40 1 2 2
Last Minutes Offensive
Center Left Wing Right Wing Defense Defense
Matt Duchene Taylor Hall Patrick Kane Travis Hamonic Ben Lovejoy
Last Minutes Defensive
Center Left Wing Right Wing Defense Defense
Matt Duchene Taylor Hall Patrick Kane Travis Hamonic Ben Lovejoy
Goaltenders
Starting : Tuukka Rask
Backup : Keith Kinkaid
Extra Forwards
Normal : Scott Gomez, Brandon Bollig, Anthony Stewart - PP : Scott Gomez, Brandon Bollig - PK : Anthony Stewart
Extra Defensemen
Normal : Dmitry Kulikov, Brandon Burlon, Mike Komisarek - PP : Dmitry Kulikov - PK : Brandon Burlon, Mike Komisarek
Penalty Shots
Patrick Kane, Taylor Hall, Matt Duchene, Jordan Eberle, Jonathan Toews
Scratches
Erik Christensen (Healthy), Tyler Cuma (Healthy), Ilya Bryzgalov (Healthy)
Sharks
5 vs 5 Forward
Center Left Wing Right Wing Time % Phy DF OF
1 Frans Nielsen Ted Purcell Maxim Afinogenov 40 1 2 2
2 T.J. Hensick Oskar Osala Nick Palmieri 30 1 2 2
3 Rob Schremp Bobby Butler Damien Brunner 20 1 2 2
4 Frans Nielsen Jordan LaVallee Martin Erat 10 1 2 2
5 vs 5 Defense
Defense Defense Time % Phy DF OF
1 Kevin Shattenkirk Mark Stuart 40 1 2 2
2 Andrej Sekera Maxim Kondratiev 30 1 2 2
3 Adam Larsson Mark Giordano 20 1 2 2
4 Justin Faulk Kevin Shattenkirk 10 1 2 2
PowerPlay Forward
Center Left Wing Right Wing Time % Phy DF OF
1 Frans Nielsen Ted Purcell Maxim Afinogenov 60 1 2 2
2 T.J. Hensick Oskar Osala Nick Palmieri 40 1 2 2
PowerPlay Defense
Defense Defense Time % Phy DF OF
1 Kevin Shattenkirk Mark Stuart 60 1 2 2
2 Andrej Sekera Maxim Kondratiev 40 1 2 2
Penalty Kill 4 Players Forward
Center Wing Time % Phy DF OF
1 Frans Nielsen Ted Purcell 60 1 2 2
2 Maxim Afinogenov T.J. Hensick 40 1 2 2
Penalty Kill 4 Players Defense
Defense Defense Time % Phy DF OF
1 Kevin Shattenkirk Mark Stuart 60 1 2 2
2 Andrej Sekera Maxim Kondratiev 40 1 2 2
Penalty Kill - 3 Players Forward
Forward Time % Phy DF OF
1 Frans Nielsen 60 1 2 2
2 Ted Purcell 40 1 2 2
Penalty Kill - 3 Players Defense
Defense Defense Time % Phy DF OF
1 Kevin Shattenkirk Mark Stuart 60 1 2 2
2 Andrej Sekera Maxim Kondratiev 40 1 2 2
4 vs 4 Forward
Center Wing Time % Phy DF OF
1 Frans Nielsen Ted Purcell 60 1 2 2
2 Maxim Afinogenov T.J. Hensick 40 1 2 2
4 vs 4 Defense
Defense Defense Time % Phy DF OF
1 Kevin Shattenkirk Mark Stuart 60 1 2 2
2 Andrej Sekera Maxim Kondratiev 40 1 2 2
Last Minutes Offensive
Center Left Wing Right Wing Defense Defense
Frans Nielsen Ted Purcell Maxim Afinogenov Kevin Shattenkirk Mark Stuart
Last Minutes Defensive
Center Left Wing Right Wing Defense Defense
Frans Nielsen Ted Purcell Maxim Afinogenov Kevin Shattenkirk Mark Stuart
Goaltenders
Starting : Tyler Weiman
Backup : Brent Krahn
Extra Forwards
Normal : Damien Brunner, Bobby Butler, Rob Schremp - PP : Damien Brunner, Bobby Butler - PK : Rob Schremp
Extra Defensemen
Normal : Adam Larsson, Mark Giordano, Justin Faulk - PP : Adam Larsson - PK : Mark Giordano, Justin Faulk
Penalty Shots
Frans Nielsen, Ted Purcell, Maxim Afinogenov, T.J. Hensick, Nick Palmieri
Scratches
None
% Time on Ice - Devils
Lines # - Real PCT - Wanted PCT - Time Play
Normal Forward
1 - 34% - 40% - 16:15
2 - 27% - 30% - 12:56
3 - 23% - 20% - 11:15
4 - 16% - 10% - 7:53
Normal Defense
1 - 39% - 40% - 18:54
2 - 33% - 30% - 15:47
3 - 25% - 20% - 12:19
4 - 3% - 10% - 1:19
PP Forward
1 - 62% - 60% - 3:09
2 - 38% - 40% - 1:56
PP Defense
1 - 77% - 60% - 3:56
2 - 23% - 40% - 1:09
PK Forward
1 - 75% - 60% - 4:53
2 - 25% - 40% - 1:40
PK Defense
1 - 51% - 60% - 3:21
2 - 49% - 40% - 3:12
PK3 Forward
1 - 0% - 60%
2 - 0% - 40%
PK3 Defense
1 - 0% - 60%
2 - 0% - 40%
44 Forward
1 - 0% - 60%
2 - 0% - 40%
44 Defense
1 - 0% - 60%
2 - 0% - 40%
Last Minute Offensive - 0:00
Last Minute Defensive - 0:03
Total
Forward - 60:00
Defense - 60:00
|
% Time on Ice - Sharks
Lines # - Real PCT - Wanted PCT - Time Play
Normal Forward
1 - 30% - 40% - 14:41
2 - 31% - 30% - 15:03
3 - 25% - 20% - 12:19
4 - 13% - 10% - 6:19
Normal Defense
1 - 38% - 40% - 18:34
2 - 31% - 30% - 15:09
3 - 23% - 20% - 10:59
4 - 8% - 10% - 3:40
PP Forward
1 - 61% - 60% - 4:01
2 - 39% - 40% - 2:32
PP Defense
1 - 52% - 60% - 3:23
2 - 48% - 40% - 3:10
PK Forward
1 - 86% - 60% - 4:23
2 - 14% - 40% - 0:42
PK Defense
1 - 49% - 60% - 2:28
2 - 51% - 40% - 2:37
PK3 Forward
1 - 0% - 60%
2 - 0% - 40%
PK3 Defense
1 - 0% - 60%
2 - 0% - 40%
44 Forward
1 - 0% - 60%
2 - 0% - 40%
44 Defense
1 - 0% - 60%
2 - 0% - 40%
Last Minute Offensive - 0:00
Last Minute Defensive - 0:00
Total
Forward - 60:00
Defense - 60:00
|
Play by Play
1st period
0:01 of 1st period - Frans Nielsen wins face-off versus Matt Duchene in neutral zone.
0:26 of 1st period - Jonathan Toews is hit by Mark Stuart and loses puck.
0:30 of 1st period - Icing by Travis Hamonic.
0:31 of 1st period - Jonathan Toews wins face-off versus T.J. Hensick in Devils zone.
0:31 of 1st period - Jonathan Toews is hit by Maxim Kondratiev.
0:39 of 1st period - T.J. Hensick is hit by Jordan Eberle and loses puck.
1:10 of 1st period - Kellan Lain is hit by Rob Schremp and loses puck.
1:23 of 1st period - Ryan O'Byrne is hit by Martin Erat and loses puck.
1:55 of 1st period - Wrist shot by Nick Palmieri.
1:55 of 1st period - Stopped by Tuukka Rask with a rebound.
2:01 of 1st period - Double Minor Penalty to Jonathan Toews for Slashing.
2:02 of 1st period - Frans Nielsen wins face-off versus Patrick Kane in Devils zone.
2:33 of 1st period - Matt Duchene is hit by T.J. Hensick and loses puck.
4:54 of 1st period - Mike Komisarek is hit by Oskar Osala and loses puck.
6:01 of 1st period - Penalty to Jonathan Toews is over, Jonathan Toews is back on ice.
7:18 of 1st period - Jordan LaVallee is hit by Patrick Kane and loses puck.
7:31 of 1st period - T.J. Hensick is hit by Kellan Lain and loses puck.
8:06 of 1st period - Kevin Shattenkirk is hit by Patrick Kane and loses puck.
9:25 of 1st period - Rob Schremp is hit by Matt Duchene and loses puck.
9:40 of 1st period - Nick Palmieri is hit by Dmitry Kulikov and loses puck.
10:01 of 1st period - Andrej Sekera is hit by Travis Hamonic and loses puck.
10:12 of 1st period - Frans Nielsen is hit by Steve Quailer.
10:16 of 1st period - Maxim Afinogenov is hit by Brandon Burlon and loses puck.
10:29 of 1st period - Scott Gomez is hit by Bobby Butler and loses puck.
10:55 of 1st period - Taylor Hall is hit by Andrej Sekera and loses puck.
12:08 of 1st period - Slapshot by Anthony Stewart.
12:08 of 1st period - Shot Misses the Net.
12:18 of 1st period - Snap shot by Ted Purcell.
12:18 of 1st period - Shot Misses the Net.
12:20 of 1st period - Snap shot by Ted Purcell.
12:20 of 1st period - Goal by Ted Purcell - Devils : 0 - Sharks : 1.
12:21 of 1st period - Frans Nielsen wins face-off versus Matt Duchene in neutral zone.
12:27 of 1st period - Minor Penalty to Patrick Kane for Delaying the game.
12:28 of 1st period - Frans Nielsen wins face-off versus Anthony Stewart in Devils zone.
14:27 of 1st period - Penalty to Patrick Kane is over, Patrick Kane is back on ice.
15:19 of 1st period - Snap shot by Kellan Lain.
15:19 of 1st period - Stopped by Tyler Weiman with a rebound.
16:00 of 1st period - Kevin Shattenkirk is hit by Brandon Bollig and loses puck.
16:26 of 1st period - Anthony Stewart is hit by Maxim Kondratiev and loses puck.
16:33 of 1st period - Mike Komisarek is hit by Oskar Osala and loses puck.
16:53 of 1st period - Nick Palmieri is hit by Matt Duchene and loses puck.
17:16 of 1st period - Nick Palmieri is hit by Brandon Burlon and loses puck.
18:36 of 1st period - Icing by Bobby Butler.
18:37 of 1st period - Matt Duchene wins face-off versus Rob Schremp in Sharks zone.
18:48 of 1st period - Wrist shot by Taylor Hall.
18:48 of 1st period - Deflect By Rob Schremp.
18:48 of 1st period - Shot Blocked by Mark Giordano.
18:48 of 1st period - Puck is out of play.
18:49 of 1st period - Matt Duchene wins face-off versus Frans Nielsen in Sharks zone.
19:37 of 1st period - Mike Komisarek is hit by Frans Nielsen and loses puck.
19:52 of 1st period - Snap shot by Rob Schremp.
19:52 of 1st period - Stopped by Tuukka Rask without a rebound.
19:53 of 1st period - Matt Duchene wins face-off versus Rob Schremp in Devils zone.
Goals for this period are 0 for Devils vs 1 for Sharks.
Shots for this period are 1 for Devils vs 3 for Sharks.
2nd period
0:01 of 2nd period - Maxim Afinogenov wins face-off versus Taylor Hall in neutral zone.
0:10 of 2nd period - Slapshot by Frans Nielsen.
0:10 of 2nd period - Deflect By Taylor Hall.
0:10 of 2nd period - Stopped by Tuukka Rask without a rebound.
0:11 of 2nd period - Matt Duchene wins face-off versus Frans Nielsen in Devils zone.
0:38 of 2nd period - Oskar Osala is hit by Jordan Eberle and loses puck.
0:57 of 2nd period - T.J. Hensick is hit by Ben Lovejoy and loses puck.
1:10 of 2nd period - Snap shot by Jordan Eberle.
1:10 of 2nd period - Stopped by Tyler Weiman with a rebound.
1:23 of 2nd period - Icing by Maxim Kondratiev.
1:24 of 2nd period - T.J. Hensick wins face-off versus Matt Duchene in Sharks zone.
2:17 of 2nd period - Snap shot by Anthony Stewart.
2:17 of 2nd period - Deflect By Scott Gomez.
2:17 of 2nd period - Shot Misses the Net.
2:17 of 2nd period - Puck is out of play.
2:18 of 2nd period - Frans Nielsen wins face-off versus Matt Duchene in Sharks zone.
2:52 of 2nd period - Slapshot by Jonathan Toews.
2:52 of 2nd period - Goal by Jonathan Toews - Devils : 1 - Sharks : 1.
2:53 of 2nd period - Matt Duchene wins face-off versus Frans Nielsen in neutral zone.
3:10 of 2nd period - Backhand shot by Frans Nielsen.
3:10 of 2nd period - Shot Misses the Net.
3:45 of 2nd period - Anthony Stewart is hit by Maxim Afinogenov and loses puck.
3:58 of 2nd period - Snap shot by Rob Schremp.
3:58 of 2nd period - Stopped by Tuukka Rask with a rebound.
4:12 of 2nd period - Backhand shot by Patrick Kane.
4:12 of 2nd period - Stopped by Tyler Weiman with a rebound.
4:30 of 2nd period - Wrist shot by Jonathan Toews.
4:30 of 2nd period - Stopped by Tyler Weiman without a rebound.
4:31 of 2nd period - Jonathan Toews wins face-off versus Rob Schremp in Sharks zone.
4:46 of 2nd period - Snap shot by Jaden Schwartz.
4:46 of 2nd period - Shot Misses the Net.
4:48 of 2nd period - Snap shot by Jonathan Toews.
4:48 of 2nd period - Shot Blocked by Mark Stuart.
4:50 of 2nd period - Wrist shot by Jaden Schwartz.
4:50 of 2nd period - Shot Hit the Post.
4:52 of 2nd period - Snap shot by Travis Hamonic.
4:52 of 2nd period - Deflect By Jonathan Toews.
4:52 of 2nd period - Stopped by Tyler Weiman with a rebound.
4:54 of 2nd period - Snap shot by Jonathan Toews.
4:54 of 2nd period - Shot Misses the Net.
4:56 of 2nd period - Slapshot by Brandon Burlon.
4:56 of 2nd period - Deflect By Kevin Shattenkirk.
4:56 of 2nd period - Stopped by Tyler Weiman with a rebound.
4:58 of 2nd period - Slapshot by Jaden Schwartz.
4:58 of 2nd period - Shot Misses the Net.
5:00 of 2nd period - Snap shot by Jaden Schwartz.
5:00 of 2nd period - Shot Misses the Net.
5:42 of 2nd period - Backhand shot by Jordan Eberle.
5:42 of 2nd period - Stopped by Tyler Weiman without a rebound.
5:43 of 2nd period - Frans Nielsen wins face-off versus Matt Duchene in Sharks zone.
6:29 of 2nd period - T.J. Hensick is hit by Anthony Stewart.
6:43 of 2nd period - Snap shot by Jordan LaVallee.
6:43 of 2nd period - Stopped by Tuukka Rask without a rebound.
6:44 of 2nd period - Frans Nielsen wins face-off versus Matt Duchene in Devils zone.
6:45 of 2nd period - Slapshot by Kevin Shattenkirk.
6:45 of 2nd period - Shot Blocked by Taylor Hall.
6:51 of 2nd period - Mark Stuart is hit by Matt Duchene and loses puck.
7:26 of 2nd period - Backhand shot by Kevin Shattenkirk.
7:26 of 2nd period - Shot Misses the Net.
7:57 of 2nd period - Dmitry Kulikov is hit by Adam Larsson and loses puck.
8:04 of 2nd period - Slapshot by Oskar Osala.
8:04 of 2nd period - Shot Blocked by Taylor Hall.
8:06 of 2nd period - Slapshot by Mark Giordano.
8:06 of 2nd period - Shot Misses the Net.
8:08 of 2nd period - Wrist shot by T.J. Hensick.
8:08 of 2nd period - Deflect By Nick Palmieri.
8:08 of 2nd period - Shot Blocked by Matt Duchene.
8:08 of 2nd period - Puck is out of play.
8:09 of 2nd period - Jonathan Toews wins face-off versus Frans Nielsen in Devils zone.
8:18 of 2nd period - Snap shot by Jaden Schwartz.
8:18 of 2nd period - Stopped by Tyler Weiman with a rebound.
8:20 of 2nd period - Snap shot by Jaden Schwartz.
8:20 of 2nd period - Shot Misses the Net.
8:24 of 2nd period - Slapshot by Jaden Schwartz.
8:24 of 2nd period - Shot Misses the Net.
8:26 of 2nd period - Wrist shot by Jordan Eberle.
8:26 of 2nd period - Shot Blocked by Ted Purcell.
8:57 of 2nd period - Slapshot by Steve Quailer.
8:57 of 2nd period - Shot Misses the Net.
8:59 of 2nd period - Snap shot by Steve Quailer.
8:59 of 2nd period - Shot Blocked by Mark Stuart.
9:01 of 2nd period - Snap shot by Brandon Bollig.
9:01 of 2nd period - Stopped by Tyler Weiman with a rebound.
9:03 of 2nd period - Snap shot by Tyler Bozak.
9:03 of 2nd period - Shot Misses the Net.
9:19 of 2nd period - Kevin Shattenkirk is hit by Jonathan Toews and loses puck.
10:35 of 2nd period - Snap shot by Jordan LaVallee.
10:35 of 2nd period - Shot Blocked by Dmitry Kulikov.
11:12 of 2nd period - Matt Duchene is hit by Martin Erat and loses puck.
11:28 of 2nd period - Off-side.
11:29 of 2nd period - Tyler Bozak wins face-off versus T.J. Hensick in neutral zone.
11:54 of 2nd period - Damien Brunner is hit by Taylor Hall and loses puck.
12:01 of 2nd period - Snap shot by Matt Duchene.
12:01 of 2nd period - Shot Blocked by Bobby Butler.
12:03 of 2nd period - Wrist shot by Travis Hamonic.
12:03 of 2nd period - Shot Misses the Net.
12:38 of 2nd period - Slapshot by Maxim Kondratiev.
12:38 of 2nd period - Shot Misses the Net.
12:40 of 2nd period - Slapshot by Andrej Sekera.
12:40 of 2nd period - Shot Misses the Net.
12:42 of 2nd period - Wrist shot by Ted Purcell.
12:42 of 2nd period - Stopped by Tuukka Rask with a rebound.
12:48 of 2nd period - Snap shot by Frans Nielsen.
12:48 of 2nd period - Shot Misses the Net.
12:50 of 2nd period - Slapshot by Maxim Afinogenov.
12:50 of 2nd period - Stopped by Tuukka Rask with a rebound.
12:52 of 2nd period - Backhand shot by Andrej Sekera.
12:52 of 2nd period - Stopped by Tuukka Rask without a rebound.
12:53 of 2nd period - Matt Duchene wins face-off versus T.J. Hensick in Devils zone.
12:53 of 2nd period - Matt Duchene is hit by Oskar Osala.
13:09 of 2nd period - Snap shot by Taylor Hall.
13:09 of 2nd period - Shot Misses the Net.
13:15 of 2nd period - Patrick Kane is hit by Oskar Osala and loses puck.
14:02 of 2nd period - Ted Purcell is hit by Ben Lovejoy and loses puck.
15:04 of 2nd period - Snap shot by Steve Quailer.
15:04 of 2nd period - Stopped by Tyler Weiman with a rebound.
15:33 of 2nd period - Minor Penalty to Dmitry Kulikov for High sticking.
15:34 of 2nd period - Patrick Kane wins face-off versus Frans Nielsen in Devils zone.
15:34 of 2nd period - Patrick Kane is hit by Ted Purcell.
15:56 of 2nd period - Icing by Frans Nielsen.
15:57 of 2nd period - Frans Nielsen wins face-off versus Patrick Kane in Sharks zone.
16:02 of 2nd period - Slapshot by Maxim Kondratiev.
16:02 of 2nd period - Deflect By Patrick Kane.
16:02 of 2nd period - Stopped by Tuukka Rask without a rebound.
16:03 of 2nd period - Frans Nielsen wins face-off versus Patrick Kane in Devils zone.
16:06 of 2nd period - Snap shot by Frans Nielsen.
16:06 of 2nd period - Shot Misses the Net.
16:08 of 2nd period - Slapshot by Mark Stuart.
16:08 of 2nd period - Sharks goal is going for a video replay.
16:08 of 2nd period - The goal is good.
16:08 of 2nd period - Goal by Mark Stuart - Devils : 1 - Sharks : 2.
16:09 of 2nd period - Matt Duchene wins face-off versus Frans Nielsen in neutral zone.
16:12 of 2nd period - Kevin Shattenkirk is hit by Ben Lovejoy.
16:34 of 2nd period - Maxim Afinogenov is hit by Travis Hamonic.
16:59 of 2nd period - Wrist shot by Taylor Hall.
16:59 of 2nd period - Deflect By Patrick Kane.
16:59 of 2nd period - Stopped by Tyler Weiman without a rebound.
17:00 of 2nd period - T.J. Hensick wins face-off versus Jonathan Toews in Sharks zone.
17:10 of 2nd period - Slapshot by Jaden Schwartz.
17:10 of 2nd period - Stopped by Tyler Weiman without a rebound.
17:11 of 2nd period - Jonathan Toews wins face-off versus T.J. Hensick in Sharks zone.
17:23 of 2nd period - Icing by Jordan Eberle.
17:24 of 2nd period - Jonathan Toews wins face-off versus Frans Nielsen in Devils zone.
17:24 of 2nd period - Jonathan Toews is hit by Maxim Afinogenov.
17:57 of 2nd period - Wrist shot by Kevin Shattenkirk.
17:57 of 2nd period - Stopped by Tuukka Rask with a rebound.
18:05 of 2nd period - Mark Stuart is hit by Matt Duchene and loses puck.
18:30 of 2nd period - Travis Hamonic is hit by Rob Schremp and loses puck.
19:21 of 2nd period - Wrist shot by Kellan Lain.
19:21 of 2nd period - Shot Hit the Post.
19:23 of 2nd period - Wrist shot by Scott Gomez.
19:23 of 2nd period - Goal by Scott Gomez - Devils : 2 - Sharks : 2.
19:24 of 2nd period - Matt Duchene wins face-off versus Maxim Afinogenov in neutral zone.
19:28 of 2nd period - Minor Penalty to Frans Nielsen for Cross-checking.
19:29 of 2nd period - Rob Schremp wins face-off versus Matt Duchene in Sharks zone.
19:41 of 2nd period - Off-side.
19:42 of 2nd period - Rob Schremp wins face-off versus Matt Duchene in neutral zone.
Goals for this period are 2 for Devils vs 1 for Sharks.
Shots for this period are 13 for Devils vs 9 for Sharks.
3rd period
0:01 of 3rd period - Matt Duchene wins face-off versus Rob Schremp in neutral zone.
0:04 of 3rd period - Slapshot by Travis Hamonic.
0:04 of 3rd period - Stopped by Tyler Weiman without a rebound.
0:05 of 3rd period - Rob Schremp wins face-off versus Matt Duchene in Sharks zone.
0:52 of 3rd period - Jordan LaVallee is hit by Ben Lovejoy and loses puck.
1:28 of 3rd period - Penalty to Frans Nielsen is over, Frans Nielsen is back on ice.
1:31 of 3rd period - Jonathan Toews is hit by Frans Nielsen and loses puck.
1:42 of 3rd period - Frans Nielsen is hit by Jonathan Toews and loses puck.
2:26 of 3rd period - Brandon Burlon is hit by Martin Erat and loses puck.
3:24 of 3rd period - Jaden Schwartz is hit by Bobby Butler.
3:25 of 3rd period - Icing by Jaden Schwartz.
3:26 of 3rd period - Frans Nielsen wins face-off versus Jonathan Toews in Devils zone.
3:27 of 3rd period - Slapshot by Kevin Shattenkirk.
3:27 of 3rd period - Stopped by Tuukka Rask without a rebound.
3:28 of 3rd period - Frans Nielsen wins face-off versus Matt Duchene in Devils zone.
3:39 of 3rd period - Slapshot by Frans Nielsen.
3:39 of 3rd period - Stopped by Tuukka Rask with a rebound.
3:41 of 3rd period - Slapshot by Ted Purcell.
3:41 of 3rd period - Stopped by Tuukka Rask without a rebound.
3:42 of 3rd period - Matt Duchene wins face-off versus Maxim Afinogenov in Devils zone.
3:42 of 3rd period - Matt Duchene is hit by Mark Stuart.
4:35 of 3rd period - Backhand shot by Scott Gomez.
4:35 of 3rd period - Deflect By Kellan Lain.
4:35 of 3rd period - Shot Blocked by Maxim Kondratiev.
4:35 of 3rd period - Puck is out of play.
4:36 of 3rd period - Maxim Afinogenov wins face-off versus Scott Gomez in Sharks zone.
4:36 of 3rd period - Maxim Afinogenov is hit by Anthony Stewart.
4:56 of 3rd period - Slapshot by Mike Komisarek.
4:56 of 3rd period - Stopped by Tyler Weiman without a rebound.
4:57 of 3rd period - T.J. Hensick wins face-off versus Matt Duchene in Sharks zone.
4:59 of 3rd period - Minor Penalty to Oskar Osala for Hooking.
5:00 of 3rd period - Frans Nielsen wins face-off versus Matt Duchene in Sharks zone.
5:16 of 3rd period - Snap shot by Travis Hamonic.
5:16 of 3rd period - Stopped by Tyler Weiman with a rebound.
5:26 of 3rd period - Ted Purcell is hit by Jaden Schwartz and loses puck.
5:45 of 3rd period - Ben Lovejoy is hit by Maxim Kondratiev and loses puck.
6:59 of 3rd period - Penalty to Oskar Osala is over, Oskar Osala is back on ice.
7:12 of 3rd period - Snap shot by Anthony Stewart.
7:12 of 3rd period - Stopped by Tyler Weiman with a rebound.
8:19 of 3rd period - Scott Gomez is hit by Justin Faulk.
8:39 of 3rd period - Matt Duchene is hit by Ted Purcell and loses puck.
9:04 of 3rd period - Wrist shot by Tyler Bozak.
9:04 of 3rd period - Stopped by Tyler Weiman without a rebound.
9:05 of 3rd period - Tyler Bozak wins face-off versus Frans Nielsen in Sharks zone.
9:08 of 3rd period - Wrist shot by Brandon Bollig.
9:08 of 3rd period - Deflect By Steve Quailer.
9:08 of 3rd period - Shot Misses the Net.
9:08 of 3rd period - Puck is out of play.
9:09 of 3rd period - T.J. Hensick wins face-off versus Tyler Bozak in Sharks zone.
9:42 of 3rd period - Snap shot by Ben Lovejoy.
9:42 of 3rd period - Shot Misses the Net.
9:44 of 3rd period - Wrist shot by Tyler Bozak.
9:44 of 3rd period - Shot Misses the Net.
10:09 of 3rd period - Snap shot by Rob Schremp.
10:09 of 3rd period - Stopped by Tuukka Rask without a rebound.
10:10 of 3rd period - Matt Duchene wins face-off versus Maxim Afinogenov in Devils zone.
10:10 of 3rd period - Matt Duchene is hit by Maxim Afinogenov.
10:18 of 3rd period - Slapshot by Matt Duchene.
10:18 of 3rd period - Stopped by Tyler Weiman without a rebound.
10:19 of 3rd period - Frans Nielsen wins face-off versus Matt Duchene in Sharks zone.
10:24 of 3rd period - Slapshot by Andrej Sekera.
10:24 of 3rd period - Stopped by Tuukka Rask without a rebound.
10:25 of 3rd period - Matt Duchene wins face-off versus Frans Nielsen in Devils zone.
10:36 of 3rd period - Slapshot by Mark Stuart.
10:36 of 3rd period - Stopped by Tuukka Rask with a rebound.
11:17 of 3rd period - Scott Gomez is hit by Maxim Kondratiev and loses puck.
11:44 of 3rd period - Patrick Kane is hit by Andrej Sekera and loses puck.
11:57 of 3rd period - Mark Giordano is hit by Steve Quailer and loses puck.
12:44 of 3rd period - Mike Komisarek is hit by Bobby Butler.
12:50 of 3rd period - Wrist shot by Bobby Butler.
12:50 of 3rd period - Stopped by Tuukka Rask without a rebound.
12:51 of 3rd period - Matt Duchene wins face-off versus Rob Schremp in Devils zone.
13:05 of 3rd period - Off-side.
13:06 of 3rd period - Matt Duchene wins face-off versus Frans Nielsen in neutral zone.
13:17 of 3rd period - Snap shot by Patrick Kane.
13:17 of 3rd period - Deflect By Maxim Afinogenov.
13:17 of 3rd period - Stopped by Tyler Weiman with a rebound.
13:19 of 3rd period - Backhand shot by Matt Duchene.
13:19 of 3rd period - Shot Misses the Net.
13:21 of 3rd period - Snap shot by Mike Komisarek.
13:21 of 3rd period - Deflect By Matt Duchene.
13:21 of 3rd period - Stopped by Tyler Weiman with a rebound.
13:38 of 3rd period - Nick Palmieri is hit by Jonathan Toews and loses puck.
13:45 of 3rd period - Dmitry Kulikov is hit by Nick Palmieri and loses puck.
14:04 of 3rd period - Wrist shot by Bobby Butler.
14:04 of 3rd period - Shot Misses the Net.
14:06 of 3rd period - Wrist shot by Rob Schremp.
14:06 of 3rd period - Stopped by Tuukka Rask without a rebound.
14:07 of 3rd period - Frans Nielsen wins face-off versus Matt Duchene in Devils zone.
14:44 of 3rd period - Snap shot by Jaden Schwartz.
14:44 of 3rd period - Stopped by Tyler Weiman without a rebound.
14:45 of 3rd period - Jonathan Toews wins face-off versus T.J. Hensick in Sharks zone.
14:46 of 3rd period - Snap shot by Jordan Eberle.
14:46 of 3rd period - Shot Misses the Net.
15:14 of 3rd period - Ben Lovejoy is hit by Damien Brunner and loses puck.
15:42 of 3rd period - Slapshot by Mark Giordano.
15:42 of 3rd period - Deflect By Frans Nielsen.
15:42 of 3rd period - Stopped by Tuukka Rask with a rebound.
16:26 of 3rd period - Frans Nielsen is hit by Tyler Bozak and loses puck.
17:11 of 3rd period - Snap shot by Kellan Lain.
17:11 of 3rd period - Shot Blocked by Kevin Shattenkirk.
17:13 of 3rd period - Slapshot by Dmitry Kulikov.
17:13 of 3rd period - Shot Misses the Net.
17:15 of 3rd period - Snap shot by Kellan Lain.
17:15 of 3rd period - Goal by Kellan Lain - Devils : 3 - Sharks : 2.
17:16 of 3rd period - Ted Purcell wins face-off versus Scott Gomez in neutral zone.
17:50 of 3rd period - Off-side.
17:51 of 3rd period - Taylor Hall wins face-off versus Frans Nielsen in neutral zone.
17:56 of 3rd period - Slapshot by Matt Duchene.
17:56 of 3rd period - Deflect By Patrick Kane.
17:56 of 3rd period - Shot Misses the Net.
17:56 of 3rd period - Puck is out of play.
17:57 of 3rd period - Matt Duchene wins face-off versus Frans Nielsen in Sharks zone.
18:09 of 3rd period - Off-side.
18:10 of 3rd period - Scott Gomez wins face-off versus Frans Nielsen in neutral zone.
18:17 of 3rd period - Snap shot by Scott Gomez.
18:17 of 3rd period - Shot Blocked by Mark Stuart.
18:19 of 3rd period - Snap shot by Kellan Lain.
18:19 of 3rd period - Shot Hit the Post.
18:21 of 3rd period - Snap shot by Scott Gomez.
18:21 of 3rd period - Shot Blocked by Mark Stuart.
18:23 of 3rd period - Slapshot by Kellan Lain.
18:23 of 3rd period - Stopped by Tyler Weiman with a rebound.
18:25 of 3rd period - Slapshot by Travis Hamonic.
18:25 of 3rd period - Shot Misses the Net.
18:52 of 3rd period - Minor Penalty to Bobby Butler for Holding.
18:53 of 3rd period - Matt Duchene wins face-off versus Frans Nielsen in Sharks zone.
19:28 of 3rd period - Wrist shot by Jordan Eberle.
19:28 of 3rd period - Stopped by Tyler Weiman without a rebound.
19:29 of 3rd period - Bryan Murray call a timeout for Sharks.
19:29 of 3rd period - Matt Duchene wins face-off versus Maxim Afinogenov in Sharks zone.
Goals for this period are 1 for Devils vs 0 for Sharks.
Shots for this period are 12 for Devils vs 9 for Sharks.
Back to the Top